 Dungeon Crawl Stone Soup version 0.29.0-13-gc9e81de378 (webtiles) character file.

Game seed: 10708515246360987306

88 groovy9 the Chopper (level 4, 0/39 HPs)
             Began as a Minotaur Fighter on Sept 9, 2022.
             Slain by an orc priest
             ... wielding a +0 short sword
              (5 damage)
             ... on level 3 of the Dungeon.
             The game lasted 00:06:44 (2304 turns).

groovy9 the Chopper (Minotaur Fighter)              Turns: 2304, Time: 00:06:45

Health: 0/39       AC: 10    Str: 22    XL:     4   Next: 29%
Magic:  3/3        EV:  9    Int:  5    God:
Gold:   145        SH:  4    Dex: 10    Spells: 3/3 levels left

rFire   . . .      SeeInvis .   a - +0 war axe
rCold   . . .      Faith    .   c - +0 buckler
rNeg    . . .      Spirit   .   b - +0 scale mail
rPois   .          Reflect  .   (helmet restricted)
rElec   .          Harm     .   (no cloak)
rCorr   .          Rampage  .   (no gloves)
Will    .....                   (no boots)
Stlth   ..........              (no amulet)
HPRegen 0.13/turn               g - +4 ring of protection
MPRegen 0.08/turn               (no ring)

@: no status effects
A: horns 2, retaliatory headbutt
a: no special abilities


You were on level 3 of the Dungeon.
You visited 1 branch of the dungeon, and saw 3 of its levels.

You collected 145 gold pieces.

Inventory:

Hand Weapons
 a - a +0 war axe (weapon)
Armour
 b - a +0 scale mail (worn)
 c - a +0 buckler (worn)
Jewellery
 g - a +4 ring of protection (left hand)
Scrolls
 d - a scroll of immolation
 h - a scroll of identify
 i - a scroll of enchant weapon {unknown}
 j - a scroll of fear {unknown}
Potions
 e - a potion of mutation
 f - 2 potions of curing
 k - a potion of heal wounds {unknown}
 l - a potion of invisibility {unknown}


   Skills:
 - Level 3.6 Fighting
 + Level 5.6 Axes
 - Level 3.6 Armour
 - Level 3.6 Shields


You had 3 spell levels left.
You didn't know any spells.
Your spell library contained the following spells:

 Spells                   Type           Power      Damage    Failure   Level
 Sandblast                Erth           0%         2d4       88%         1
 Passwall                 Tmut/Erth      0%         N/A       95%         2
 Stone Arrow              Conj/Erth      0%         3d7       99%         3


Dungeon Overview and Level Annotations

Branches:
Dungeon (3/15)

Altars:

Shops:
D:1 *:[[


Innate Abilities, Weirdness & Mutations

You have a pair of horns on your head.
You reflexively headbutt those who attack you in melee.


Message History

You are too injured to fight recklessly!
You are too injured to fight recklessly!
You are too injured to fight recklessly!
You are too injured to fight recklessly!
You are too injured to fight recklessly!
You are too injured to fight recklessly!
You are too injured to fight recklessly!
You barely miss the orc. The orc barely misses you.
You hit the orc. You headbutt the orc.
The orc is almost dead.
The orc closely misses you. x2
The orc priest mumbles some strange prayers to Beogh against you.
Beogh smites you!
You hit the orc.
You kill the orc!
You slash the orc!
You kill the orc!
Unknown command.
Sorry, you're not good enough to have a special ability.
You hit the orc. You headbutt the orc.
The orc is heavily wounded.
The orc hits you with a +0 short sword.
You hit the orc. Your headbutt misses the orc.
The orc is almost dead.
The orc hits you with a +0 short sword.
The orc priest looks satisfied for a moment.
The orc barely misses you.
You slash the orc!
You kill the orc!
You slash the frilled lizard!
You kill the frilled lizard!
The orc priest invokes the aid of Beogh against you.
Beogh smites you!
* * * LOW HITPOINT WARNING * * *
The orc priest barely misses you.
Items here: ))) [ †.
You closely miss the orc priest. Your headbutt misses the orc priest.
You block the orc priest's attack.
The orc priest hits you with a +0 short sword.
You die...

#...# #.......##
######## ###.#####
###.##...###.......
#.......##
#.##.......######
.###.#......#
#......#####
............############
####.#.........#######
#.#......##.......#
#.#<.....##.#####.#
#.......###..@o#
###.##### #.##.# ###.###
#.# .# #.)...# #.. ..
#.....# ### .## #.....#
?# #.....# .# #.....# .#
#######


You could see an orc priest.

Vanquished Creatures
  An adder (D:3)
  A worm (D:3)
  3 dart slugs
  7 orcs (D:3)
  5 bats
  3 endoplasms
  2 giant cockroaches
  6 hobgoblins
  5 jackals
  2 quokkas
  3 ball pythons
  5 frilled lizards
  4 goblins
  4 kobolds
  9 rats
60 creatures vanquished.

Notes
Turn   | Place    | Note
-------+----------+-------------------------------------------
     0 | D:1      | groovy9 the Minotaur Fighter began the quest for the Orb.
     0 | D:1      | Reached XP level 1. HP: 19/19 MP: 0/0
    84 | D:1      | Reached skill level 3 in Axes
   431 | D:1      | Reached XP level 2. HP: 22/26 MP: 1/1
   482 | D:1      | Found a faded altar of an unknown god.
   660 | D:1      | Found Nomien's General Store.
   703 | D:1      | Reached skill level 4 in Axes
   729 | D:1      | Found Taqiuzaf's Antique Armour Shop.
   824 | D:1      | Found Hiusmuy's Armour Boutique.
   882 | D:1      | Reached XP level 3. HP: 31/31 MP: 2/2
  1022 | D:1      | Found Lavalogh's Book Boutique.
  1726 | D:3      | Reached skill level 5 in Axes
  1827 | D:3      | Reached XP level 4. HP: 28/39 MP: 3/3
  2304 | D:3      | Slain by an orc priest

Illustrated notes

Levels and vault maps discovered:
D:1:      onia_arrival_mini_spirals, layout_loops_ring, serial_shops, shop,
          nicolae_shop_statue_plus, nicolae_shop_behind_doors, shop,
          ebering_ecumenical_altar_mist
D:2:      layout_loops_ring
D:3:      layout_loops_cross

Skill      XL: |  1  2  3 |
---------------+----------+-----
Axes           | 3 4 5 |  5.6
Fighting       | |  3.6
Armour         | |  3.6
Shields        | |  3.6

Action                   |  1- 3 |  4- 6 || total
-------------------------+-------+-------++-------
Melee: War axe           |    94 |    30 ||   124
       Headbutt          |    10 |     6 ||    16
  Use: Potion            |     2 |       ||     2
       Scroll            |     6 |       ||     6
Armor: Scale mail        |    46 |    11 ||    57
Dodge: Dodged            |    48 |    11 ||    59
Block: Buckler           |    22 |     6 ||    28
